Match 43429573
Unlisted

Match 43429573
End
Kradschützen Motorcycle Team
Selects Italian Infantry
Panzergrenadier Squad
Panzergrenadier Squad
Construct Light Support Kompanie
Selects Defensive Operations
Panzerpioneer Squad
250 Light Carrier
Fire Support Elements
Selects Guastatori Squad
Selects L6/40 Light Tank Combat Group
L6/40 Light Tank Combat Group
Panzerjäger Squad
Pak 38 Anti-tank Gun Team
Guastatori Squad
Selects Towed Cannone da 105/28 Field Howitzer
2.5-tonne Medical Truck
Selects Prepared Positions
Flakvierling Half-track
xenon
XuZhongwei
0
0

Comments sign in to comment!

No comments posted yet!